 Dungeon Crawl Stone Soup version 0.28.0-1-gb440e238dd (webtiles) character file.

Game seed: 16215785647859966915

7 serioussanchez the Grave Robber (level 1, 0/13 HPs)
             Began as a Demonspawn Necromancer on Feb 24, 2022.
             Was a Follower of Cheibriados.
             Frozen to death by an endoplasm (4 damage)
             ... on level 1 of the Dungeon.
             The game lasted 00:02:02 (372 turns).

serioussanchez the Grave Robber (DsNe)               Turns: 372, Time: 00:02:03

Health: 0/13       AC:  2    Str: 10    XL:     1   Next: 91%
Magic:  1/3        EV: 12    Int: 18    God:    Cheibriados [*.....]
Gold:   0          SH:  0    Dex: 15    Spells: 2/4 levels left

rFire   . . .      SeeInvis .   (no weapon)
rCold   . . .      Faith    .   (no shield)
rNeg    . . .      Spirit   .   a - +0 robe
rPois   .          Reflect  .   (no helmet)
rElec   .          Harm     .   (no cloak)
rCorr   .          Rampage  .   (no gloves)
Will    .....                   (no boots)
Stlth   ++........              (no amulet)
HPRegen 0.04/turn               (no ring)
MPRegen 0.08/turn               (no ring)

@: very slow
A: no striking features
a: Renounce Religion, Bend Time


You were on level 1 of the Dungeon.
You worshipped Cheibriados.
Cheibriados was aware of your devotion.
You visited 1 branch of the dungeon, and saw 1 of its levels.

Inventory:

Armour
 a - a +0 robe (worn)
Scrolls
 b - a scroll of enchant armour {unknown}
 c - a scroll of enchant weapon {unknown}


   Skills:
 + Level 1.7 Dodging
 + Level 1.8 Stealth
 + Level 2.1 Spellcasting
 + Level 4.7 Necromancy


You had 2 spell levels left.
You knew the following spells:

 Your Spells              Type           Power      Damage    Failure   Level
a - Pain                  Necr           76%        1d7       2%          1
b - Animate Skeleton      Necr           38%        N/A       2%          1

Your spell library contained the following spells:

 Spells                   Type           Power      Damage    Failure   Level
 Vampiric Draining        Necr           19%        2d7       8%          3
 Animate Dead             Necr           9%         N/A       26%         4
 Agony                    Necr           19%        N/A       56%         5


Dungeon Overview and Level Annotations

Branches:
Dungeon (1/15)

Altars:
Cheibriados


Message History

Aim: a hobgoblin (heavily wounded, chance to affect: 88%)
The hobgoblin writhes in agony.
You kill the hobgoblin!
Cheibriados appreciates the change of pace.
An endoplasm comes into view.
Casting: Pain (safe; 2% risk of failure)
Confirm with . or Enter, or press ? or * to list all spells.
Aiming: Pain (safe; 2% risk of failure)
Press: ? - help, Shift-Dir - straight line, f - endoplasm
Aim: an endoplasm (wandering, hasn't noticed you, chance to affect: 88%)
The endoplasm quivers.
The endoplasm writhes in agony!
You kill the endoplasm!
Cheibriados appreciates the change of pace.
An endoplasm comes into view.
Casting: Pain (safe; 2% risk of failure)
Confirm with . or Enter, or press ? or * to list all spells.
You don't have enough magic to cast this spell.
An endoplasm is nearby!
Casting: Pain (safe; 2% risk of failure)
Confirm with . or Enter, or press ? or * to list all spells.
Aiming: Pain (safe; 2% risk of failure)
Press: ? - help, Shift-Dir - straight line, f - endoplasm
Aim: an endoplasm (wandering, hasn't noticed you, chance to affect: 89%)
The endoplasm quivers.
The endoplasm writhes in agony.
You hit the endoplasm but do no damage. The endoplasm hits you.
You hit the endoplasm.
The endoplasm is lightly wounded.
The endoplasm freezes you.
You are frozen.
Casting: Pain (safe; 2% risk of failure)
Confirm with . or Enter, or press ? or * to list all spells.
Aiming: Pain (safe; 2% risk of failure)
Press: ? - help, Shift-Dir - straight line, f/p - endoplasm
Aim: an endoplasm (lightly wounded, chance to affect: 89%)
The endoplasm writhes in agony.
The endoplasm freezes you.
You are frozen.
You die...

#..# ## #..# .. #..# ## #.>#
#..# ############## #..#
#............#
#.#..###.##########.#
#...J#...#### #.#
#.#.#.@..##..# #.#
#.#####.......### #.# #.#
###.......# #.# # #. #
###.....# #.### #
#>#####...## #.##.
....#####..# #....
......####.# ####.
#......#...# ##
##############........#######


You could see an endoplasm.

Vanquished Creatures
  An endoplasm (D:1)
  A giant cockroach (D:1)
  A hobgoblin (D:1)
  2 bats (D:1)
  A frilled lizard (D:1)
  A kobold (D:1)
  A rat (D:1)
8 creatures vanquished.

Notes
Turn   | Place    | Note
-------+----------+-------------------------------------------
     0 | D:1      | serioussanchez the Demonspawn Necromancer began the quest
                  | for the Orb.
     0 | D:1      | Reached XP level 1. HP: 13/13 MP: 3/3
    86 | D:1      | Learned a level 1 spell: Animate Skeleton
   219 | D:1      | Found a faded altar of an unknown god.
   225 | D:1      | Prayed at the altar of an unknown god.
   225 | D:1      | Became a worshipper of Cheibriados the Contemplative
   225 | D:1      | Reached * piety under Cheibriados
   372 | D:1      | Frozen to death by an endoplasm

Illustrated notes

Levels and vault maps discovered:
D:1:      dpeg_arrival_long_road, layout_loops_ring,
          chequers_ecumenical_altar_simple, serial_shops, shop_fountains

Action                   || total
-------------------------++-------
Melee: Unarmed           ||     6
 Cast: Pain              ||    15
       Animate Skeleton  ||     3
Armor: Robe              ||     1
